 Seeded DCSS version 0.29.1-12-g30fa7ad0bf (webtiles) character file.

Game seed: 1 (custom seed)

25487 Kazon the Carver (level 12, -7/91 HPs)
             Began as a Demonspawn Gladiator on Dec 14, 2022.
             Was a High Priest of Okawaru.
             Mangled by a death yak (19 damage)
             ... on level 3 of the Lair of Beasts.
             The game lasted 00:55:54 (11214 turns).

Kazon the Carver (Demonspawn Gladiator)            Turns: 11214, Time: 00:55:55

Health: -7/91      AC: 13    Str: 19    XL:     12   Next: 89%
Magic:  13/19      EV: 20    Int: 10    God:    Okawaru [*****.]
Gold:   59         SH:  9    Dex: 21    Spells: 11/11 levels left

rFire   + + +      SeeInvis .   f - +4 Maxwell's thermic engine {flame, freeze}
rCold   + + .      Faith    .   c - +2 buckler
rNeg    . . .      Spirit   .   G - +0 troll leather armour
rPois   +          Reflect  .   C - +0 helmet
rElec   .          Harm     .   T - scarf {rC+ rF+}
rCorr   .          Rampage  .   (no gloves)
Will    .....                   n - +2 pair of boots
Stlth   ++++++....              t - amulet "Odemouw" {Contam rPois rF+++ Regen+ Stlth+}
HPRegen 2.85/turn               R - ring of protection from cold
MPRegen 0.16/turn               g - +6 ring of dexterity

@: heroic, finesse-ful
A: claws 2, yellow scales 2, powered by death 1, spiny 2
a: Renounce Religion, Heroism, Finesse, Duel


You were on level 3 of the Lair of Beasts.
You worshipped Okawaru.
Okawaru was extremely pleased with you.
You visited 3 branches of the dungeon, and saw 16 of its levels.

You collected 1019 gold pieces.
You spent 960 gold pieces at shops.

Inventory:

Hand Weapons
 a - a +4 double sword of protection
 e - a +2 dagger of venom
 f - the +4 Maxwell's thermic engine (weapon) {flame, freeze}
   (You found it on level 1 of the Lair of Beasts)

   It burns those it strikes, dealing additional fire damage.
   Big, fiery blades are also staple armaments of hydra-hunters.
   It freezes those it strikes, dealing additional cold damage.
   It can also slow down cold-blooded creatures.
   It becomes more effective when it hits something.
   This effect fades over time.
 s - the +3 falchion of Winter {venom, rCorr}
   (You bought it in a shop on level 3 of the Dungeon)

   It poisons the flesh of those it strikes.
   rCorr:     It protects you from acid and corrosion.
Missiles
 d - 4 throwing nets
 k - 5 stones
 q - a javelin
 x - 26 boomerangs (quivered)
 E - 4 curare-tipped darts
 K - 40 poisoned darts
Armour
 c - a +2 buckler (worn)
 n - a +2 pair of boots (worn)
 C - a +0 helmet (worn)
 G - a +0 troll leather armour (worn)
 T - a scarf of resistance (worn)
Jewellery
 g - a +6 ring of dexterity (right claw)
 m - a ring of protection from cold
 t - the amulet "Odemouw" (around neck) {Contam rPois rF+++ Regen+ Stlth+}
   (You bought it in a shop on level 8 of the Dungeon)

   [amulet of regeneration]

   rF:        It renders you almost immune to fire.
   rPois:     It protects you from poison.
   Contam:    It causes magical contamination when unequipped.
   Regen:     It increases your rate of health regeneration.
   Stlth:     It makes you more stealthy.
 R - a ring of protection from cold (left claw)
Wands
 z - a wand of paralysis (23)
 B - a wand of mindburst (24)
 F - a wand of flame (44)
 N - a wand of roots (6)
 V - a wand of polymorph (11)
Scrolls
 i - 10 scrolls of identify
 j - a scroll of enchant armour {unknown}
 o - a scroll of immolation
 p - 2 scrolls of poison {unknown}
 r - 4 scrolls of fog {unknown}
 v - a scroll of magic mapping {unknown}
 w - 2 scrolls of noise {unknown}
 y - 4 scrolls of teleportation
 A - 3 scrolls of enchant weapon {unknown}
 D - a scroll of vulnerability {unknown}
 L - 3 scrolls of fear
 O - a scroll of summoning {unknown}
 Q - a scroll of amnesia {unknown}
Potions
 b - 4 potions of berserk rage {unknown}
 h - 2 potions of haste {unknown}
 l - 2 potions of flight
 u - 5 potions of lignification
 H - 2 potions of cancellation {unknown}
 I - 2 potions of curing
 J - 2 potions of might
 M - a potion of heal wounds {unknown}
 U - 2 potions of invisibility {unknown}
Miscellaneous
 P - a condenser vane


   Skills:
 + Level 7.6(12.6) Fighting
 + Level 0.3(12.2) Short Blades
 + Level 11.5(16.5) Long Blades
 + Level 6.4(11.4) Throwing
 + Level 5.0(10.0) Armour
 + Level 6.3(11.3) Dodging
 + Level 5.5(10.5) Stealth
 + Level 4.5(9.5) Shields
 * Level 10.6 Invocations
 * Level 8.0 Evocations


You had 11 spell levels left.
You didn't know any spells.
Your spell library contained the following spells:

 Spells                   Type           Power      Damage    Failure   Level
 Apportation              Tloc           0%         N/A       47%         1
 Magic Dart               Conj           0%         1d3       47%         1
 Necrotise                Necr           0%         1d4       47%         1
 Sting                    Tmut/Pois      0%         1d3       47%         1
 Poisonous Vapours        Pois/Air       0%         N/A       63%         2
 Mephitic Cloud           Conj/Pois/Air  0%         N/A       85%         3
 Ozocubu's Armour         Ice            0%         N/A       85%         3
 Olgreb's Toxic Radiance  Pois           0%         N/A       99%         4
 Blade Hands              Tmut           0%         N/A       100%        5
 Fireball                 Conj/Fire      0%         3d3       100%        5
 Iskenderun's Battlesphe  Conj           0%         2d6       100%        5
 Metabolic Englaciation   Hex/Ice        0%         N/A       100%        5
 Conjure Ball Lightning   Conj/Air       0%         3x3d6     100%        6
 Iron Shot                Conj/Erth      0%         9d1       100%        6
 Orb of Destruction       Conj           0%         9d5       100%        7
 Ozocubu's Refrigeration  Ice            0%         4d7       100%        7
 Summon Small Mammal      Summ           Unusable   N/A       N/A         1
 Call Imp                 Summ           Unusable   N/A       N/A         2
 Animate Armour           Summ/Erth      Unusable   N/A       N/A         4
 Simulacrum               Ice/Necr       Unusable   N/A       N/A         6

Dungeon Overview and Level Annotations

Branches:
Dungeon (12/15)            Temple (1/1) D:7            Lair (3/5) D:10
 Shoals (0/4) Lair:3       Spider (0/4) Lair:3
    Orc: D:9-12

Altars:
Ashenzari
Dithmenos
Gozag
Hepliaklqana
Makhleb
Nemelex Xobeh
Okawaru
Uskayaw
Xom

Shops:
D:3 (   D:8 ?(==   D:10 :


Innate Abilities, Weirdness & Mutations

You have very sharp fingernails.
You are mostly covered in yellow scales. (AC +3)
You regenerate a little health from kills.
You are mostly covered in sharp spines.


Message History

You hear a bellow!
The death yak gores you.
You completely miss the death yak.
The death yak is almost dead.
The death yak gores you. The death yak gores you!!
You barely miss the death yak.
The death yak is almost dead.
Unknown command.
You gain the combat prowess of a mighty hero.
The death yak is struck by your spines. The death yak gores you.
The death yak is struck by your spines. The death yak gores you!!
You hit the death yak but do no damage. You freeze the death yak.
The death yak is almost dead.
The death yak gores you but does no damage.
The death yak misses you.
You barely miss the death yak.
The death yak is lightly wounded.
The death yak gores you! x2
* * * LOW HITPOINT WARNING * * *
You slice the death yak!! You burn the death yak.
You kill the death yak!
Okawaru accepts your kill. The death yak barely misses you.
Your Evocations skill increases to level 8!
You hit the death yak but do no damage. You freeze the death yak.
The death yak is lightly wounded.
You barely miss the death yak. The death yak is struck by your spines.
The death yak gores you!
* * * LOW HITPOINT WARNING * * *
You block the death yak's attack.
You can now deal lightning-fast blows.
The death yak gores you!
* * * LOW HITPOINT WARNING * * *
The death yak barely misses you.
You barely miss the death yak.
The death yak is lightly wounded.
You slice the death yak!! You burn the death yak. You freeze the death yak.
The death yak is heavily wounded.
The death yak gores you!!
You die...

##..#.....## ###.#
...........# .#.#. .
...........## ..... .
#..........P# ~~~~#.
.<.........# ≈≈~~##
#..........# ####~~~#
#..........#
...##≈~########+YY###
....#≈~#.######.@###
.>..'...###P#...+#.#
....#≈~.........†..#
...##≈~~.#.........#
####≈~~###.........##
~~~≈~~..##..<.......#
~~~~~~...+..........#
.....#...#..........#
.....####...........#


You could see 2 death yaks.

Vanquished Creatures
  Fannar (Lair:2)
  Erolcha (D:10)
  A catoblepas (Lair:2)
  A two-headed ogre (D:9)
  2 death yaks (Lair:3)
  An ugly thing (D:11)
  3 black mambas
  5 cane toads
  Maggie (D:6)
  A rime drake (Lair:3)
  An unseen horror (D:11)
  4 kobold demonologists (D:11)
  9 komodo dragons
  A tengu conjurer (D:12)
  4 trolls
  Prince Ribbit (D:9)
  10 blink frogs
  A snapping turtle (Lair:3)
  2 shadows
  A vampire (D:10)
  25 yaks
  2 wyverns
  2 basilisks
  Eustachio (D:5)
  2 steam dragons
  Menkaure (D:5)
  Edmund (D:6)
  2 acid dragons
  5 water moccasins
  5 orc warriors
  An ice beast (D:8)
  5 sky beasts
  2 black bears (D:6)
  5 centaurs
  An ogre (D:6)
  A wolf (D:10)
  2 phantoms (D:6)
  3 kobold brigands
  3 necrophages
  4 bullfrogs
  A gnoll sergeant (D:7)
  10 scorpions
  18 wights
  3 killer bees (D:10)
  3 electric eels
  A howler monkey (D:5)
  2 jellies (D:6)
  6 hounds
  7 orc priests
  A gnoll bouda (D:7)
  6 iguanas
  4 orc wizards
  4 hell rats
  Robin (D:3)
  15 gnolls
  13 adders
  3 shadow imps
  2 white imps (D:7)
  An ufetubus (D:5)
  4 worms
  37 orcs
  11 endoplasms
  3 giant cockroaches
  16 goblins
  9 hobgoblins
  A jackal (D:4)
  27 kobolds
  A quokka (D:1)
  5 ball pythons
  4 bats
  3 frilled lizards
  6 rats
352 creatures vanquished.

Vanquished Creatures (others)
  A quokka (D:7)
  2 fungi
  5 plants
8 creatures vanquished.

Grand Total: 360 creatures vanquished

Notes
Turn   | Place    | Note
-------+----------+-------------------------------------------
     0 | D:1      | Kazon the Demonspawn Gladiator began the quest for the Orb.
     0 | D:1      | Reached XP level 1. HP: 16/16 MP: 1/1
    32 | D:1      | Identified a scroll of acquirement
    32 | D:1      | Acquired a +4 double sword of protection
   189 | D:1      | Gained mutation: You are partially covered in sharp spines.
                  | [demonic ancestry]
   189 | D:1      | Reached XP level 2. HP: 21/22 MP: 2/2
   612 | D:1      | Reached skill level 3 in Long Blades
   815 | D:2      | Gained mutation: You regenerate a little health from kills.
                  | [demonic ancestry]
   815 | D:2      | Reached XP level 3. HP: 26/27 MP: 3/3
  1211 | D:2      | Reached XP level 4. HP: 28/33 MP: 4/4
  1322 | D:3      | Found Umat's Antique Weapon Boutique.
  1349 | D:3      | Bought a crude falchion for 184 gold pieces
  1349 | D:3      | Identified the +3 falchion of Winter {venom, rCorr} (You
                  | bought it in a shop on level 3 of the Dungeon)
  1451 | D:3      | Noticed Robin
  1462 | D:3      | Killed Robin
  1599 | D:3      | Reached skill level 4 in Long Blades
  1657 | D:3      | Reached XP level 5. HP: 34/39 MP: 5/5
  1725 | D:3      | Reached skill level 5 in Long Blades
  1725 | D:3      | Reached skill level 5 in Dodging
  1725 | D:3      | Reached XP level 6. HP: 50/50 MP: 5/9
  2240 | D:4      | Reached skill level 6 in Long Blades
  2240 | D:4      | Gained mutation: You have sharp fingernails. [demonic
                  | ancestry]
  2240 | D:4      | Reached XP level 7. HP: 38/55 MP: 10/10
  2436 | D:4      | Found a hazy altar of Hepliaklqana.
  2841 | D:5      | Entered Level 5 of the Dungeon
  2877 | D:5      | Reached skill level 5 in Fighting
  3082 | D:5      | Gained mutation: You have very sharp fingernails. [demonic
                  | ancestry]
  3082 | D:5      | Reached XP level 8. HP: 61/62 MP: 11/11
  3118 | D:5      | Noticed Menkaure
  3128 | D:5      | Killed Menkaure
  3398 | D:5      | Noticed Eustachio
  3402 | D:5      | Killed Eustachio
  3403 | D:5      | Reached skill level 7 in Long Blades
  3590 | D:6      | Noticed Edmund
  3616 | D:6      | Killed Edmund
  3647 | D:6      | Gained mutation: You are mostly covered in sharp spines.
                  | [demonic ancestry]
  3647 | D:6      | Reached XP level 9. HP: 64/68 MP: 12/12
  3898 | D:6      | Noticed Maggie
  3914 | D:6      | Killed Maggie
  3976 | D:6      | Reached skill level 5 in Evocations
  4028 | D:6      | Reached skill level 5 in Throwing
  4094 | D:6      | Reached skill level 8 in Long Blades
  4228 | D:7      | Found a staircase to the Ecumenical Temple.
  4238 | Temple   | Entered the Ecumenical Temple
  4245 | Temple   | Became a worshipper of Warmaster Okawaru
  4258 | Temple   | Reached skill level 5 in Invocations
  4321 | D:7      | Found a hide-covered altar of Uskayaw.
  4632 | D:7      | Gained mutation: You are partially covered in yellow
                  | scales. (AC +2) [demonic ancestry]
  4632 | D:7      | Reached XP level 10. HP: 70/76 MP: 13/13
  4868 | D:7      | Reached * piety under Okawaru
  5406 | D:8      | Found Zoxtaeshakh's Jewellery Boutique.
  5469 | D:8      | Found Heidghoki's Jewellery Shop.
  5605 | D:8      | Found Quzidd's Magic Scroll Emporium.
  5619 | D:8      | Bought a scroll of teleportation for 42 gold pieces
  5731 | D:8      | Found Esumer's Weapon Shop.
  6134 | D:9      | Noticed Prince Ribbit
  6254 | D:9      | Killed Prince Ribbit
  6311 | D:9      | Reached ** piety under Okawaru
  6456 | D:9      | Noticed a two-headed ogre
  6466 | D:9      | Killed a two-headed ogre
  6467 | D:9      | Reached skill level 9 in Long Blades
  6644 | D:10     | Entered Level 10 of the Dungeon
  6698 | D:10     | Noticed Erolcha
  6706 | D:10     | Killed Erolcha
  6706 | D:10     | Reached *** piety under Okawaru
  6707 | D:10     | Gained mutation: You are mostly covered in yellow scales.
                  | (AC +3) [demonic ancestry]
  6707 | D:10     | Reached XP level 11. HP: 81/81 MP: 16/16
  6725 | D:10     | Identified the +5 long sword of the Land of Plenty {drain,
                  | Dex+3}
  6731 | D:10     | Found Juagoaq's Book Shoppe.
  6861 | D:10     | Found a staircase to the Lair.
  7215 | D:10     | Reached **** piety under Okawaru
  7221 | D:10     | Reached skill level 5 in Stealth
  7742 | D:11     | Noticed a green ugly thing
  7747 | D:11     | Killed a green ugly thing
  7866 | D:11     | Reached skill level 10 in Long Blades
  7868 | D:11     | Reached ***** piety under Okawaru
  8102 | D:11     | Received a gift from Okawaru
  8683 | D:12     | Identified the +1 scale mail of the Wumpus {MP+9} (Okawaru
                  | gifted it to you on level 12 of the Dungeon)
  8683 | D:12     | Received a gift from Okawaru
  9005 | Lair:1   | Entered Level 1 of the Lair of Beasts
  9017 | Lair:1   | Reached XP level 12. HP: 44/91 MP: 18/18
  9071 | Lair:1   | Found the +2 Maxwell's thermic engine {flame, freeze}
  9666 | Lair:2   | Reached skill level 11 in Long Blades
  9833 | Lair:2   | Noticed Fannar
  9838 | Lair:2   | Noticed a catoblepas
  9848 | Lair:2   | Killed Fannar
  9852 | Lair:2   | Killed a catoblepas
 10105 | D:8      | Bought the amulet "Odemouw" {Contam rPois rF+++ Regen+
                  | Stlth+} for 734 gold pieces
 10196 | Lair:1   | Reached skill level 5 in Armour
 10318 | Lair:2   | Reached skill level 10 in Invocations
 10495 | Lair:2   | Received a gift from Okawaru
 10921 | Lair:3   | Found a hole to the Spider Nest.
 11126 | Lair:3   | Found a staircase to the Shoals.
 11159 | Lair:3   | Noticed a death yak
 11160 | Lair:3   | Noticed a death yak
 11160 | Lair:3   | Noticed a death yak
 11178 | Lair:3   | Killed a death yak
 11202 | Lair:3   | Noticed a death yak
 11209 | Lair:3   | Killed a death yak
 11214 | Lair:3   | Mangled by a death yak

Illustrated notes

Levels and vault maps discovered:
D:1:      dpeg_arrival_three_smaller_balls, layout_basic
D:2:      layout_loops_ring
D:3:      layout_basic, serial_shops, nicolae_shop_stone, st_stairs_9,
          minmay_misc_feat_doors, eino_curves_03, uniq_robin
D:4:      minmay_wonky_spiral, layout_basic,
          mainiacjoe_overflow_surrounded_room, minivault_5
D:5:      layout_cave_pods, uniq_menkaure, uniq_eustachio
D:6:      cheibrodos_barr_body, layout_basic, minmay_crystal_room,
          minmay_pentangle, uniq_maggie, uniq_edmund
D:7:      layout_cave_pools, nicolae_uskayaw_murder_on_the_dancefloor,
          elyvilon_altar_4, minmay_temple_entry_purple_smoke
D:8:      layout_basic, serial_shops, shop_statue, kennysheep_little_box, shop,
          nicolae_shop_window_shopping
D:9:      layout_cave_pools, uniq_prince_ribbit1
D:10:     layout_stronghold, erik_lair_island, serial_shops,
          nicolae_shop_statue_plus, uniq_erolcha
D:11:     layout_roguey
D:12:     layout_loops_ring, orc_0_dummy, chequers_serial_rivers_marsh,
          uniq_lodul, uniq_nessos, uniq_rupert
Temple:   nicolae_temple_bog_church
Lair:1:   layout_long_grid, fungi_pond_lemuel, cheibrodos_lair_reptile_den
Lair:2:   layout_gridlike, uniq_fannar
Lair:3:   layout_roguey, minmay_shoals_entry_hut,
          nicolae_spider_entry_non_spiders, basic_altar, serial_bayou_crossing

Skill      XL: |  1  2  3  4  5  6  7  8  9 10 11 12 |
---------------+-------------------------------------+-----
Dodging        | 3 5 6 |  6.3
Long Blades    | 3 4 5 6 7 8 9 10 11 | 11.5
Throwing       | 2 4 5 6 |  6.4
Fighting       | 4 5 6 7 |  7.6
Armour         | 3 4 5 |  5.0
Stealth        | 3 4 5 |  5.5
Shields        | 3 4 |  4.5
Invocations    | 4 5 6 9 10 | 10.6
Evocations     | 3 5 6 8 |  8.0
Short Blades   | |  0.3

Action                   |  1- 3 |  4- 6 |  7- 9 | 10-12 || total
-------------------------+-------+-------+-------+-------++-------
Melee: Double sword      |    54 |    60 |   179 |   452 ||   745
       Punch             |     2 |       |       |       ||     2
       Dagger            |       |       |       |    45 ||    45
       Falchion          |       |       |       |    51 ||    51
       Long sword        |       |       |       |     1 ||     1
Throw: Stone             |     6 |    24 |    16 |    91 ||   137
       Boomerang         |       |       |    28 |    41 ||    69
       Dart              |       |       |       |    23 ||    23
Invok: Heroism           |       |       |       |     6 ||     6
       Finesse           |       |       |       |     2 ||     2
Evoke: Wand              |       |       |     5 |     5 ||    10
  Use: Scroll            |     1 |       |     2 |     4 ||     7
       Potion            |       |     1 |     3 |     3 ||     7
 Stab: Sleeping          |       |     3 |    10 |    12 ||    25
       Paralysed         |       |       |       |     1 ||     1
Armor: Leather armour    |    17 |    15 |    62 |    96 ||   190
       Scale mail        |       |       |       |    13 ||    13
       Troll leather arm |       |       |       |    27 ||    27
       Skin              |       |       |       |     2 ||     2
Dodge: Dodged            |    45 |    37 |   108 |   249 ||   439
Block: Buckler           |       |       |    34 |   114 ||   148
